 Dungeon Crawl Stone Soup version 0.22-a0-479-gc6e99f3 (webtiles) character file.

17546 Laiders72 the Blocker (level 12, -3/110 HPs)
             Began as a Deep Dwarf Fighter on June 15, 2018.
             Was a Priest of Makhleb.
             Slain by a red ugly thing (22 damage)
             ... on level 12 of the Dungeon.
             The game lasted 00:33:20 (10394 turns).

Laiders72 the Blocker (Deep Dwarf Fighter)         Turns: 10394, Time: 00:33:21

Health: -3/110     AC: 19    Str: 23    XL:     12   Next: 19%
Magic:  10/10      EV:  6    Int:  9    God:    Makhleb [***...]
Gold:   188        SH: 14    Dex: 18    Spells: 11/11 levels left

rFire    . . .     SeeInvis .   i - +1 morningstar
rCold    + . .     Gourm    .   c - +0 shield
rNeg     . . .     Faith    .   A - +0 plate armour
rPois    +         Spirit   .   n - +0 helmet
rElec    .         Reflect  .   (no cloak)
rCorr    +         Harm     .   (no gloves)
MR       ++...                  K - +2 pair of boots "Ygynut" {rCorr}
Stlth    ..........             (no amulet)
HPRegen  0.00/turn              J - ring of protection from cold
MPRegen  0.12/turn              I - ring of Fuasch {rPois MR+ Dex+4}

@: non-regenerating
A: damage resistance, heal wounds, sense surroundings 2, no regeneration
a: Heal Wounds, Minor Destruction, Lesser Servant of Makhleb, Renounce Religion


You were on level 12 of the Dungeon.
You worshipped Makhleb.
Makhleb was most pleased with you.
You were not hungry.

You visited 2 branches of the dungeon, and saw 13 of its levels.
You also visited: Sewer.

You collected 637 gold pieces.
You spent 449 gold pieces at shops.

Inventory:

Hand Weapons
 i - a +1 morningstar (weapon)
Armour
 c - a +0 shield (worn)
 n - a +0 helmet (worn)
 A - a +0 plate armour (worn)
 K - the +2 pair of boots "Ygynut" (worn) {rCorr}
   (You found it on level 11 of the Dungeon)

   It protects you from acid and corrosion.
Jewellery
 d - an uncursed ring of resist corrosion
 w - an uncursed ring of protection from magic
 B - a +2 ring of strength
 I - the ring of Fuasch (right hand) {rPois MR+ Dex+4}
   (You bought it in a shop on level 11 of the Dungeon)

   [ring of protection from magic]

   It affects your dexterity (+4).
   It protects you from poison.
   It affects your resistance to hostile enchantments.
 J - a ring of protection from cold (left hand)
Wands
 h - a wand of polymorph (27)
 k - a wand of flame (10)
 r - a wand of iceblast (37)
 v - a wand of acid (9)
 E - a wand of scattershot (3)
 F - a wand of clouds (5)
Scrolls
 j - 3 scrolls of enchant weapon
 l - a scroll of enchant armour {unknown}
 m - 5 scrolls of remove curse
 o - 7 scrolls of teleportation
 p - a scroll of fog
 t - a scroll of magic mapping
 u - 4 scrolls of blinking
 y - a scroll of noise {unknown}
 C - a scroll of vulnerability {unknown}
 H - a scroll of random uselessness {unknown}
Potions
 a - 2 potions of flight
 b - 2 potions of agility
 e - 2 potions of haste
 g - a potion of lignification {unknown}
 q - 5 potions of curing
 s - a potion of magic
 x - a potion of mutation
 z - a potion of brilliance
 D - a potion of might
 G - a potion of heal wounds
Comestibles
 f - 20 rations


   Skills:
 + Level 7.7 Fighting
 * Level 11.2 Maces & Flails
 + Level 9.3 Armour
 + Level 12.4 Shields
 - Level 10.4 Invocations


You had 11 spell levels left.
You didn't know any spells.
Your spell library contained the following spells:

 Spells                   Type           Power        Failure   Level  Hunger
 Cause Fear               Hex            #.........   100%        4    #####..
 Apportation              Tloc           #.....       100%        1    ##.....
 Slow                     Hex            #.......     100%        2    ###....
 Summon Small Mammal      Summ           #...         100%        1    ##.....
 Animate Skeleton         Necr           N/A          100%        1    ##.....
 Spider Form              Tmut/Pois      #.........   100%        3    ####...
 Blade Hands              Tmut           #.........   100%        5    ######.
 Ice Form                 Ice/Tmut       #.......     100%        4    #####..
 Confusing Touch          Hex            #.....       100%        1    ##.....
 Sticks to Snakes         Tmut           #.......     100%        2    ###....
 Corona                   Hex            #......      100%        1    ##.....
 Portal Projectile        Hex/Tloc       #.....       100%        3    ####...
 Leda's Liquefaction      Hex/Erth       #.........   100%        4    #####..
 Inner Flame              Hex/Fire       #.......     100%        3    ####...
 Beastly Appendage        Tmut           #.....       100%        1    ##.....


Dungeon Overview and Level Annotations

Branches:
Dungeon (12/15)            Temple (1/1) D:6            Lair (0/6) D:10
    Orc (0/2) D:10

Altars:
Ashenzari
Cheibriados
Dithmenos
Elyvilon
Fedhas
Gozag
Hepliaklqana
Kikubaaqudgha
Makhleb
Nemelex Xobeh
Okawaru
Qazlal
Ru
Sif Muna
Trog
Uskayaw
Vehumet
Wu Jian
Xom
Yredelemnul
Zin
The Shining One

Shops:
D:8 :   D:11 *   D:12 *


Innate Abilities, Weirdness & Mutations

You are resistant to damage.
You can heal yourself by infusing magical energy.
You passively map the area around you.
You do not regenerate.


Message History

The red ugly thing trunk-slaps you but does no damage.
You hit the red ugly thing but do no damage.
The red ugly thing is severely wounded.
The red ugly thing trunk-slaps you but does no damage.
You hit the red ugly thing.
The red ugly thing is severely wounded.
You block the red ugly thing's attack.
Your shield and plate armour prevent you from hitting the red ugly thing.
The red ugly thing is severely wounded.
The red ugly thing trunk-slaps you.
You are engulfed in flames!!
* * * LOW HITPOINT WARNING * * *
You hit the red ugly thing but do no damage.
The red ugly thing is severely wounded.
You closely miss the red ugly thing.
The red ugly thing is severely wounded.
You block the red ugly thing's attack. The red ugly thing trunk-slaps you!
* * * LOW HITPOINT WARNING * * *
You are engulfed in flames!!
You die...

,⌠ , ** ,
,, , *, ,
,,+ * * ,
,, * , ,*
, * ,* *,
, * **, *
* *###+#
#.##...###
,*# , *
#....u@./#
*.##..###
########.#
........
#.#
###..###
#.######
#....)
#......#
#.####
######.# #
#.# ###
#.# #.##..
#.# #.....


You could see a red ugly thing.

Vanquished Creatures
  4 two-headed ogres
  The ghost of Laiders72 the Thaumaturge, a novice GnWz of Ashenzari (D:10)
  Pikel (D:9)
  The ghost of ThereIsNoGod the Grappler, a novice DrTm of Cheibriados (D:5)
  An ugly thing (D:12)
  Psyche (D:10)
  Joseph (D:7)
  3 trolls
  5 hippogriffs
  The ghost of pk666 the Magician, an amateur DEFE (D:3)
  A wyvern (D:9)
  A yak (D:10)
  A wraith (D:11)
  4 hungry ghosts
  3 humans (D:10)
  4 wargs (D:10)
  An acid dragon (D:8)
  2 soldier ants (D:9)
  3 ice beasts
  4 orc warriors
  A slave (D:9)
  2 sky beasts
  4 phantoms
  An eye of draining (D:10)
  4 ogres
  The ghost of Laiders72 the Magician, an amateur GnWz (D:6)
  5 centaurs
  5 crocodiles
  A big kobold (D:7)
  3 bullfrogs
  4 scorpions
  5 killer bees
  8 wights (D:9)
  4 howler monkeys
  A bullfrog zombie (D:12)
  5 crimson imps
  A quasit (D:9)
  4 hounds
  4 bullfrog skeletons
  2 jellies
  2 orc priests
  16 orc wizards
  3 centaur skeletons
  2 iguanas
  15 worker ants
  2 hound skeletons
  4 gnolls (D:7)
  2 howler monkey skeletons
  10 adders
  A shadow imp (D:9)
  3 oozes
  An adder skeleton (D:6)
  2 adder zombies
  3 worms
  A dart slug (D:1)
  8 leopard geckos
  48 orcs
  16 giant cockroaches
  9 goblins
  6 hobgoblins
  9 jackals
  5 quokkas
  14 bats
  5 frilled lizards
  A jackal zombie (D:5)
  11 kobolds
  A quokka skeleton (D:4)
  6 rats
314 creatures vanquished.

Vanquished Creatures (collateral kills)
  Nergalle (D:10)
  A manticore (D:11)
  A hippogriff (D:11)
  A hungry ghost (D:11)
  A bullfrog (D:11)
  A scorpion (D:10)
  5 killer bees (D:11)
  A jelly (D:11)
  4 orc wizards (D:10)
  A worker ant (D:11)
  A shadow imp (D:11)
  3 orcs (D:11)
  A jackal (D:10)
  A quokka (D:11)
23 creatures vanquished.

Vanquished Creatures (others)
  A slave (D:9)
  A bush (D:9)
2 creatures vanquished.

Grand Total: 339 creatures vanquished

Notes
Turn   | Place    | Note
-------+----------+-------------------------------------------
     0 | D:1      | Laiders72 the Deep Dwarf Fighter began the quest for the Orb.
     0 | D:1      | Reached XP level 1. HP: 20/20 MP: 1/1
   425 | D:1      | Reached XP level 2. HP: 24/27 MP: 2/2
   654 | D:2      | Reached XP level 3. HP: 24/33 MP: 3/3
  1277 | D:2      | Found a faded altar of an unknown god.
  1768 | D:2      | Found a shadowy altar of Dithmenos.
  1775 | D:2      | Found a basalt altar of Yredelemnul.
  1776 | D:2      | Found an iron altar of Okawaru.
  1779 | D:2      | Found a deep blue altar of Sif Muna.
  1780 | D:2      | Found a snail-covered altar of Cheibriados.
  2055 | D:2      | Reached XP level 4. HP: 42/42 MP: 4/4
  2205 | D:3      | Noticed pk666's ghost (amateur DEFE)
  2221 | D:3      | Killed pk666's ghost
  2221 | D:3      | Reached skill level 4 in Shields
  2221 | D:3      | Reached XP level 5. HP: 36/49 MP: 5/5
  2389 | D:3      | Reached XP level 6. HP: 42/56 MP: 6/6
  2767 | D:3      | Found a sacrificial altar of Ru.
  3020 | D:4      | Reached skill level 5 in Maces & Flails
  3044 | D:4      | Reached skill level 5 in Armour
  3044 | D:4      | Reached XP level 7. HP: 45/64 MP: 7/7
  3135 | D:4      | Found a glowing drain.
  3198 | Sewer    | Entered a sewer
  3245 | Sewer    | Reached skill level 5 in Shields
  3624 | D:5      | Entered Level 5 of the Dungeon
  3892 | D:5      | Noticed ThereIsNoGod's ghost (novice DrTm)
  3911 | D:5      | Killed ThereIsNoGod's ghost
  3911 | D:5      | Reached skill level 5 in Fighting
  3911 | D:5      | Reached skill level 6 in Shields
  3911 | D:5      | Reached XP level 8. HP: 74/74 MP: 7/7
  4659 | D:6      | Noticed Laiders72's ghost (amateur GnWz)
  4674 | D:6      | Found a staircase to the Ecumenical Temple.
  4706 | D:6      | Killed Laiders72's ghost
  4706 | D:6      | Gained mutation: You passively map the area around you. [Deep Dwarf growth]
  4706 | D:6      | Reached XP level 9. HP: 68/81 MP: 6/6
  4781 | Temple   | Entered the Ecumenical Temple
  4901 | Temple   | Became a worshipper of Makhleb the Destroyer
  5259 | D:6      | Reached skill level 11 in Shields
  5259 | D:6      | Reached skill level 10 in Invocations
  5259 | D:6      | Reached XP level 10. HP: 70/88 MP: 14/14
  5494 | D:7      | Found a bloodstained altar of Trog.
  5685 | D:7      | Reached * piety under Makhleb
  5975 | D:7      | Noticed Joseph
  5992 | D:7      | Killed Joseph
  6459 | D:8      | Found Haisu's Book Shop.
  6741 | D:8      | Reached ** piety under Makhleb
  7011 | D:8      | Noticed a two-headed ogre
  7027 | D:8      | Killed a two-headed ogre
  7135 | D:9      | Noticed a two-headed ogre
  7163 | D:8      | Killed a two-headed ogre
  7163 | D:8      | Reached XP level 11. HP: 20/97 MP: 14/14
  7696 | D:9      | Noticed Pikel
  7718 | D:9      | Killed Pikel
  7778 | D:9      | Found a radiant altar of Vehumet.
  8119 | D:10     | Entered Level 10 of the Dungeon
  8179 | D:10     | Noticed Nergalle
  8216 | D:9      | Reached skill level 10 in Maces & Flails
  8249 | D:9      | Paralysed by fainting for 5 turns
  8270 | D:9      | Reached *** piety under Makhleb
  8299 | D:10     | Killed Nergalle
  8441 | D:10     | Noticed a two-headed ogre
  8442 | D:10     | Found a staircase to the Orcish Mines.
  8456 | D:10     | Reached skill level 12 in Shields
  8530 | D:10     | Killed a two-headed ogre
  8622 | D:10     | Found a staircase to the Lair.
  8737 | D:10     | Noticed Laiders72's ghost (novice GnWz)
  8916 | D:10     | Killed Laiders72's ghost
  9212 | D:10     | Noticed Psyche
  9221 | D:10     | Killed Psyche
  9461 | D:11     | Noticed a two-headed ogre
  9482 | D:11     | Killed a two-headed ogre
  9482 | D:11     | Reached XP level 12. HP: 32/109 MP: 10/10
  9547 | D:11     | Got a steaming scale mail
  9548 | D:11     | Identified the +1 scale mail of Mirth {Str+4} (You found it on level 11 of the Dungeon)
  9923 | D:11     | Got a pair of ichor-stained boots
  9924 | D:11     | Identified the +2 pair of boots "Ygynut" {rCorr} (You found it on level 11 of the Dungeon)
 10178 | D:11     | Found Ilent's Assorted Antiques.
 10181 | D:11     | Bought a twitching tin ring for 155 gold pieces
 10181 | D:11     | Bought a pair of translucent boots for 294 gold pieces
 10181 | D:11     | Identified the ring of Fuasch {rPois MR+ Dex+4} (You bought it in a shop on level 11 of the Dungeon)
 10194 | D:11     | Identified the +0 pair of boots of the Guardian {Stlth+} (You bought it in a shop on level 11 of the Dungeon)
 10263 | D:12     | Found Gecamame's Assorted Antiques.
 10394 | D:12     | Slain by a red ugly thing

Vault maps used:
D:1:      lightli_arrival_flooded_house, serial_bayou_pond_e
D:2:      minitemple, chequers_ecumenical_altar_simple, minivault_23
D:3:      nicolae_ru_the_path_less_chosen, first_ration,
          kennysheep_generic_room_7
D:4:      gup_sewer_entry_pipe
D:5:      grunt_tough_drop
D:6:      minmay_temple_entry_glass
D:7:      nicolae_overflow_crystal_walls, uniq_joseph
D:8:      serial_shops, shop
D:9:      minmay_klotski, vehumet_altar_wand_db, hangedman_pestilent_swarm,
          uniq_pikel
D:10:     minmay_flawed_box, david_lair_generic, minmay_orc_entry_guard_dogs,
          minmay_ruffians, uniq_nergalle, uniq_psyche
D:11:     serial_shops, nicolae_shop_behind_doors, minivault_23,
          kennysheep_generic_room_2
D:12:     serial_shops, nicolae_shop_competitors_out_of_business,
          portal_ice_cave_entry_pillars_2, minivault_25, minmay_fountain_box,
          patterned_corridor
Temple:   eino_narrow_crystal_temple
Sewer:    sewer_big_baddie

Skill      XL: |  1  2  3  4  5  6  7  8  9 10 11 12 |
---------------+-------------------------------------+-----
Fighting       | 3 4 5 6 7 |  7.7
Maces & Flails | 3 4 5 6 7 9 10 11 | 11.2
Armour         | 4 5 6 7 9 |  9.3
Shields        | 4 6 11 12 | 12.4
Invocations    | 10 | 10.4

Action                   |  1- 3 |  4- 6 |  7- 9 | 10-12 || total
-------------------------+-------+-------+-------+-------++-------
Melee: Flail             |   227 |   160 |   448 |   365 ||  1200
       Morningstar       |       |       |       |   911 ||   911
Invok: Lesser Servant of |       |       |       |     6 ||     6
 Abil: Heal Wounds       |     2 |     1 |    14 |    30 ||    47
Evoke: Wand              |       |       |       |     1 ||     1
  Use: Potion            |       |     1 |     2 |     5 ||     8
       Scroll            |       |       |     8 |    13 ||    21
 Stab: Confused          |       |       |       |     1 ||     1
  Eat: Chunk             |     3 |     5 |     8 |    33 ||    49
       Ration            |       |       |       |     1 ||     1
Armor: Chain mail        |   168 |   122 |   333 |    89 ||   712
       Scale mail        |    10 |       |       |       ||    10
       Plate armour      |       |       |       |   661 ||   661
Dodge: Dodged            |    71 |    40 |   110 |   355 ||   576
Block: Shield            |   190 |   100 |   304 |   974 ||  1568

Table legend:
 A = Spawn XP
 B = Non-spawn XP
 C = Spawn XP percentage of total XP
 D = Spawn monster count
 E = Non-spawn monster count
 F = Spawn count percentage of total count
 G = Total turns spent on level
                    A         B        C        D         E        F      G
               +---------+---------+-------+---------+---------+-------+---------
         Total |       0 |   22034 |   0.0 |       0 |     336 |   0.0 | 10394
               +---------+---------+-------+---------+---------+-------+---------
           D:1 |       0 |      23 |   0.0 |       0 |      14 |   0.0 |   600
           D:2 |       0 |      95 |   0.0 |       0 |      24 |   0.0 |  1460
           D:3 |       0 |     340 |   0.0 |       0 |      30 |   0.0 |   826
           D:4 |       0 |     678 |   0.0 |       0 |      31 |   0.0 |   796
           D:5 |       0 |    1239 |   0.0 |       0 |      24 |   0.0 |   656
           D:6 |       0 |     616 |   0.0 |       0 |      15 |   0.0 |   696
           D:7 |       0 |    1676 |   0.0 |       0 |      36 |   0.0 |  1093
           D:8 |       0 |    3475 |   0.0 |       0 |      30 |   0.0 |   849
           D:9 |       0 |    4312 |   0.0 |       0 |      46 |   0.0 |  1041
          D:10 |       0 |    5981 |   0.0 |       0 |      43 |   0.0 |  1142
          D:11 |       0 |    2827 |   0.0 |       0 |      31 |   0.0 |   849
          D:12 |       0 |     660 |   0.0 |       0 |       6 |   0.0 |   152
         Sewer |       0 |     112 |   0.0 |       0 |       6 |   0.0 |    97
               +---------+---------+-------+---------+---------+-------+---------
